 Dungeon Crawl Stone Soup version 0.28.0-53-g5a82cb258f (webtiles) character file.

Game seed: 9629012537627088270

2220 mortz the Firebug (level 8, -5/59 HPs)
             Began as a Demigod Fire Elementalist on May 24, 2022.
             Slain by a death yak (6 damage)
             ... on level 7 of the Dungeon on May 25, 2022.
             The game lasted 00:42:34 (8149 turns).

mortz the Firebug (Demigod Fire Elementalist)       Turns: 8149, Time: 00:42:35

Health: -5/59      AC:  9    Str:  9    XL:     8   Next: 90%
Magic:  5/20       EV: 13    Int: 28    God:
Gold:   250        SH:  0    Dex: 14    Spells: 13/19 levels left

rFire   + . .      SeeInvis +   f - staff of fire {!astaff}
rCold   . . .      Faith    .   (no shield)
rNeg    . . .      Spirit   .   A - +2 animal skin
rPois   .          Reflect  .   s - +1 helmet {Int+3}
rElec   .          Harm     .   E - +0 cloak
rCorr   .          Rampage  .   S - +1 pair of gloves
Will    .....                   (no boots)
Stlth   ++........              (no amulet)
HPRegen 0.19/turn               k - ring of see invisible
MPRegen 0.17/turn               (no ring)

@: no status effects
A: high MP 1, forlorn, divine attributes
a: no special abilities


You were on level 7 of the Dungeon.
You visited 1 branch of the dungeon, and saw 8 of its levels.
You also visited: Sewer.

You collected 250 gold pieces.


Innate Abilities, Weirdness & Mutations

You have an increased reservoir of magic. (+10% MP)
You shall have no god before yourself.
Your divine heritage dramatically boosts your attributes as you level up.


   Skills:
 + Level 1.4 Fighting
 + Level 0.2 Short Blades
 + Level 1.3(1.5) Maces & Flails
 + Level 1.0(1.4) Staves
 + Level 0.1 Armour
 + Level 2.9 Dodging
 + Level 3.3 Stealth
 + Level 6.1 Spellcasting
 + Level 3.4 Conjurations
 + Level 7.4 Fire Magic


You had 13 spell levels left.
You knew the following spells:

 Your Spells              Type           Power      Damage    Failure   Level
a - Foxfire               Conj/Fire      100%       2x1d9     1%          1
b - Scorch                Fire           100%       2d10      1%          2
c - Inner Flame           Hex/Fire       44%        N/A       3%          3

Your spell library contained the following spells:

 Spells                   Type           Power      Damage    Failure   Level
 Conjure Flame            Conj/Fire      56%        6-21      1%          3
 Static Discharge         Conj/Air       18%        N/A       4%          2
 Sandblast                Erth           16%        2d6       6%          1
 Flame Wave               Conj/Fire      56%        2d11      6%          4
 Passwall                 Tmut/Erth      6%         N/A       9%          2
 Stone Arrow              Conj/Erth      36%        3d9       9%          3
 Hailstorm                Conj/Ice       18%        3d6       28%         4
 Animate Dead             Necr           4%         N/A       52%         4
 Ice Form                 Ice/Tmut       8%         N/A       52%         4
 Summon Ice Beast         Ice/Summ       8%         N/A       52%         4
 Lightning Bolt           Conj/Air       9%         1d21      63%         5
 Summon Mana Viper        Hex/Summ       8%         N/A       86%         5
 Simulacrum               Ice/Necr       4%         N/A       100%        6
 Haunt                    Necr/Summ      4%         N/A       100%        7
 Monstrous Menagerie      Summ           4%         N/A       100%        7
 Infestation              Necr           4%         N/A       100%        8
 Maxwell's Capacitive Co  Air            4%         ∞         100%        8

Inventory:

Hand Weapons
 b - a +0 short sword {short}
   (You took it off a kobold on level 1 of the Dungeon)
 n - a +0 spear of venom {polearm}
   (You found it on level 1 of the Dungeon)
 r - a +2 vorpal mace {mace}
   (You found it on level 2 of the Dungeon)
 C - a +1 dagger of protection {short}
   (You took it off Ijyb on level 3 of the Dungeon)
 N - a +4 flail of draining {mace}
   (You took it off a gnoll on level 5 of the Dungeon)
 T - the +11 spear "Eviscerator" {vorpal, Will+ Int+2, polearm}
   (You found it on level 7 of the Dungeon)

   It inflicts extra damage upon your enemies.
   Int:       It affects your intelligence (+2).
   Will:      It increases your willpower.
 V - a +0 war axe {axe}
   (You took it off an orc on level 8 of the Dungeon)
Missiles
 w - 3 boomerangs {throwing}
 G - 13 poisoned darts {throwing}
 P - 4 javelins {throwing}
Armour
 s - a +1 helmet of intelligence (worn)
   (You found it on level 2 of the Dungeon)
 x - a +0 leather armour
   (You took it off an orc on level 3 of the Dungeon)
 A - a +2 animal skin (worn)
   (You took it off Robin on level 3 of the Dungeon)
 B - a +1 ring mail of willpower
   (You took it off Terence on level 3 of the Dungeon)
 E - a +0 cloak (worn)
   (You took it off Crazy Yiuf on level 3 of the Dungeon)
 R - the +1 scale mail of Rotation {Drain rF- rCorr SInv}
   (You took it off an orc on level 5 of the Dungeon)

   rF:        It makes you vulnerable to fire.
   SInv:      It lets you see invisible.
   rCorr:     It protects you from acid and corrosion.
   Drain:     It drains your maximum health when unequipped.
 S - a +1 pair of gloves (worn)
   (You found it on level 7 of the Dungeon)
Magical Staves
 f - a staff of fire (weapon) {!astaff}
   (You found it on level 1 of the Dungeon)
Jewellery
 k - a ring of see invisible (left hand)
   (You found it on level 1 of the Dungeon)
 u - an amulet of guardian spirit
   (You found it on level 2 of the Dungeon)
Wands
 M - a wand of paralysis (9)
   (You found it on level 5 of the Dungeon)
 Q - a wand of iceblast (20)
   (You found it on level 5 of the Dungeon)
Scrolls
 d - a scroll of teleportation {@r4}
 h - a scroll of brand weapon
 l - a scroll of summoning
 m - a scroll of vulnerability {unknown}
 p - a scroll of fear {unknown}
 q - a scroll of holy word
 v - a scroll of enchant armour {unknown}
 y - a scroll of enchant weapon {unknown}
 D - a scroll of magic mapping {!r}
 J - a scroll of silence {unknown}
 U - a scroll of blinking {unknown}
Potions
 a - a potion of flight {unknown}
 c - a potion of lignification {!q}
 e - a potion of ambrosia
 g - 6 potions of might
 i - 3 potions of degeneration {unknown}
 j - 4 potions of curing {@q1}
 o - 3 potions of heal wounds {@q2}
 t - a potion of brilliance {unknown}
 F - a potion of haste {unknown}
 H - 4 potions of magic
 I - 4 potions of invisibility {unknown}
 K - a potion of cancellation {unknown}
 L - 3 potions of resistance {unknown}
 O - a potion of mutation {unknown}

Dungeon Overview and Level Annotations

Branches:
Dungeon (8/15)             Temple (0/1) D:5           Sewer (visited)
   Lair: D:8-11

Annotations:
D:8 exclusion: two-headed ogre, Psyche

#####...#####.....
##...'.............
#...##...#####.....
#...##...# #.....
#...##..)# ######
#...##...#
#...###### ##
#.Y.##############.
##@................
######.#....###+#.
#.#.....#....
#######.#.###'###..
#......)#.#≈≈.≈≈#..
#.........#≈...≈#..
#.......#.#≈...≈###
#.......#.#≈...≈# #
#....######≈#.#≈###


You could see a death yak (combustible).


Message History

Casting: Foxfire (safe; 1% risk of failure)
Press: ? - help, Q - select action, (/) - cycle Dir - look around, f - activate You feel a surge of power!
You conjure some foxfire!
The foxfire hits the death yak!
A yak comes into view. x2 😎 MP[-1]
You lost 1 mp, and now have 14/20 mp.
Casting: Foxfire (safe; 1% risk of failure)
Confirm with . or Enter, or press ? or * to list all spells.
You feel a surge of power!
Flames lash the death yak.
The death yak's fire resistance burns away.
The foxfire hits the death yak but does no damage. x3 😎 MP[-2]
You lost 2 mp, and now have 12/20 mp.
Casting: Scorch (safe; 1% risk of failure)
Confirm with . or Enter, or press ? or * to list all spells.
You feel a surge of power!
Flames lash the death yak.
The death yak is burned terribly!
The foxfire hits the death yak.
The death yak is burned terribly!
The death yak gores you! 😕 HP[-11] MP[-2]
You take 11 damage, and now have 48/59 hp.
You lost 2 mp, and now have 10/20 mp.
Casting: Scorch (safe; 1% risk of failure)
Confirm with . or Enter, or press ? or * to list all spells.
You feel a surge of power!
Flames lash the death yak.
The death yak is burned terribly!
The death yak gores you!!
* * * LOW HITPOINT WARNING * * *
😨 HP[-19] MP[-2]
You take 19 damage, and now have 29/59 hp.
MASSIVE DAMAGE!! (PAUSE)
You lost 2 mp, and now have 8/20 mp. 😨 MP[+1] 😮 HP[+1]
Things that are here:
a +0 dagger {short}; a +0 leather armour You see here a +0 flail {mace}. 😮 MP[+1]
Things that are here:
a +0 hand axe {axe}; a +0 leather armour; an orc corpse 😮 HP[+1]
The death yak is no longer more vulnerable to fire. 😮 MP[+1] 😮 HP[+1] 😮 MP[+1] 😮 HP[+1] 😮 MP[+1] 😮 HP[+1] 😮 MP[+1] 😮 HP[+1] 😮 HP[+1] MP[+1] 😮 HP[+1]
There is a stone staircase leading up here. 😮 MP[+1]
The death yak gores you but does no damage.
You climb upwards.
There is a stone staircase leading down here.
Casting: Scorch (safe; 1% risk of failure)
Confirm with . or Enter, or press ? or * to list all spells.
You feel a surge of power!
Flames lash the death yak.
The death yak's fire resistance burns away.
The death yak gores you!
* * * LOW HITPOINT WARNING * * *
😨 HP[-8] MP[-2]
You take 8 damage, and now have 29/59 hp.
You lost 2 mp, and now have 14/20 mp.
Casting: Scorch (safe; 1% risk of failure)
Confirm with . or Enter, or press ? or * to list all spells.
You feel a surge of power!
Flames lash the death yak.
The death yak is burned terribly!
The death yak gores you!
* * * LOW HITPOINT WARNING * * *
😨 HP[-14] MP[-2]
You take 14 damage, and now have 15/59 hp.
MASSIVE DAMAGE!! (PAUSE)
You lost 2 mp, and now have 12/20 mp.
Casting: Scorch (safe; 1% risk of failure)
Confirm with . or Enter, or press ? or * to list all spells.
You feel a surge of power!
Flames lash the death yak.
The death yak is burned terribly!
The death yak barely misses you. 😨 MP[-1]
You lost 1 mp, and now have 11/20 mp.
Casting: Scorch (safe; 1% risk of failure)
Confirm with . or Enter, or press ? or * to list all spells.
You feel a surge of power!
Flames lash the death yak.
The death yak is burned terribly!
The death yak gores you but does no damage. 😨 MP[-2]
You lost 2 mp, and now have 9/20 mp.
Casting: Scorch (safe; 1% risk of failure)
Confirm with . or Enter, or press ? or * to list all spells.
You feel a surge of power!
Flames lash the death yak.
The death yak is burned terribly!
The death yak gores you!
* * * LOW HITPOINT WARNING * * *
😱 HP[-14] MP[-2]
You take 14 damage, and now have 1/59 hp.
MASSIVE DAMAGE!! (PAUSE)
You lost 2 mp, and now have 7/20 mp.
Casting: Scorch (safe; 1% risk of failure)
Confirm with . or Enter, or press ? or * to list all spells.
You feel a surge of power!
Flames lash the death yak.
The death yak gores you.
You die...

Skill      XL: |  1  2  3  4  5  6  7  8 |
---------------+-------------------------+-----
Fire Magic     | 3 4 5 6 7 |  7.4
Spellcasting   | 2 3 4 6 |  6.1
Conjurations   | 1 2 3 |  3.4
Stealth        | 2 3 |  3.3
Dodging        | 2 |  2.9
Staves         | 1 |  1.0
Fighting       | 1 |  1.4
Maces & Flails | 1 |  1.3
Short Blades   | |  0.2
Armour         | |  0.1

Action                   |  1- 3 |  4- 6 |  7- 9 || total
-------------------------+-------+-------+-------++-------
Melee: Short sword       |     1 |       |       ||     1
       Staff             |     3 |    13 |       ||    16
       Mace              |       |    41 |     3 ||    44
 Cast: Foxfire           |    40 |    51 |   126 ||   217
       Scorch            |     6 |    27 |    70 ||   103
  Use: Scroll            |       |     1 |     7 ||     8
       Potion            |       |     5 |       ||     5
Armor: Robe              |     2 |     2 |       ||     4
       Skin              |       |    60 |       ||    60
       Animal skin       |       |    11 |    14 ||    25
Dodge: Dodged            |    16 |    49 |    30 ||    95

Levels and vault maps discovered:
D:1:      wander_arrival_fairy_ring, layout_loops_cross,
          hellmonk_ecumenical_altar_run_dry
D:2:      layout_basic, minmay_distorted, uniq_sigmund
D:3:      layout_loops_ring, uniq_crazy_yiuf_cottage, uniq_terence, uniq_robin,
          uniq_ijyb
D:4:      layout_basic, portal_sewer_entry_a
D:5:      layout_basic, temple_fountains
D:6:      layout_cave_pods
D:7:      layout_basic, kennysheep_minor_cross
D:8:      layout_basic, dpeg_lair_monsters, ebering_ghost_gozag, uniq_psyche

Notes
Turn   | Place    | Note
-------+----------+-------------------------------------------
     0 | D:1      | mortz the Demigod Fire Elementalist began the quest for the
                  | Orb.
     0 | D:1      | Reached XP level 1. HP: 14/14 MP: 5/5
     0 | D:1      | magus.rc [v1.9.6]
    93 | D:1      | Reached skill level 3 in Fire Magic
   195 | D:1      | Reached XP level 2. HP: 16/20 MP: 1/7
   498 | D:1      | Reached skill level 2 in Spellcasting
   504 | D:1      | Reached skill level 1 in Conjurations
   692 | D:1      | Reached skill level 2 in Stealth
   730 | D:1      | Learned a level 2 spell: Scorch
   812 | D:1      | Reached XP level 3. HP: 26/26 MP: 1/8
  1201 | D:2      | Noticed Sigmund
  1210 | D:2      | Killed Sigmund
  1211 | D:2      | Reached skill level 2 in Dodging
  1211 | D:2      | Reached skill level 3 in Spellcasting
  1211 | D:2      | Reached skill level 2 in Conjurations
  1211 | D:2      | Reached skill level 4 in Fire Magic
  1211 | D:2      | Reached XP level 4. HP: 33/33 MP: 1/11
  1211 | D:2      | Reached XP level 5. HP: 38/38 MP: 1/12
  2074 | D:3      | Noticed Robin
  2081 | D:3      | Killed Robin
  2289 | D:3      | Noticed Ijyb
  2297 | D:3      | Killed Ijyb
  2315 | D:3      | Noticed Terence
  2319 | D:3      | Killed Terence
  2566 | D:3      | Found a runed translucent door.
  2567 | D:3      | Noticed Crazy Yiuf
  2821 | D:3      | Killed Crazy Yiuf
  2822 | D:3      | Reached XP level 6. HP: 45/45 MP: 8/14
  3099 | D:4      | HP: 12/67 [orc priest/divine providence (9)]
  3102 | D:4      | Reached skill level 1 in Staves
  3102 | D:4      | Reached skill level 5 in Fire Magic
  3105 | D:4      | Reached skill level 1 in Fighting
  3398 | D:4      | Found a glowing drain.
  3407 | Sewer    | Entered a sewer
  3476 | Sewer    | Reached skill level 1 in Maces & Flails
  3476 | Sewer    | Reached XP level 7. HP: 47/52 MP: 8/16
  3603 | Sewer    | magus.rc [v1.9.6]
  3617 | Sewer    | Reached skill level 4 in Spellcasting
  4429 | D:4      | You pick up a book of Lightning and begin reading...
  4429 | D:4      | You add the spells Static Discharge, Lightning Bolt and
                  | Maxwell's Capacitive Coupling to your library.
  4440 | D:4      | Learned a level 3 spell: Inner Flame
  4461 | D:5      | Entered Level 5 of the Dungeon
  4469 | D:5      | You pick up a book of the Tundra and begin reading...
  4469 | D:5      | You add the spells Hailstorm, Ice Form and Simulacrum to
                  | your library.
  4807 | D:5      | Reached skill level 3 in Stealth
  5135 | D:5      | You pick up a book of Death and begin reading...
  5135 | D:5      | You add the spells Animate Dead, Haunt and Infestation to
                  | your library.
  5382 | D:5      | Found a staircase to the Ecumenical Temple.
  5495 | D:5      | Identified the +1 scale mail of Rotation {Drain rF- rCorr
                  | SInv}
  5794 | D:6      | Reached skill level 3 in Conjurations
  5948 | D:6      | Reached skill level 6 in Fire Magic
  5950 | D:6      | Reached XP level 8. HP: 57/59 MP: 12/18
  6082 | D:6      | Reached skill level 5 in Spellcasting
  6305 | D:6      | You pick up a book of Beasts and begin reading...
  6305 | D:6      | You add the spells Summon Ice Beast, Summon Mana Viper and
                  | Monstrous Menagerie to your library.
  6648 | D:6      | Reached skill level 7 in Fire Magic
  6703 | D:6      | You pick up a book of Geomancy and begin reading...
  6703 | D:6      | You add the spells Sandblast, Passwall and Stone Arrow to
                  | your library.
  7349 | D:7      | Identified the +11 spear "Eviscerator" {vorpal, Will+
                  | Int+2}
  7761 | D:7      | magus.rc [v1.9.6]
  7795 | D:8      | Reached skill level 6 in Spellcasting
  7890 | D:8      | Noticed Psyche
  7947 | D:8      | Noticed a two-headed ogre
  8068 | D:8      | Noticed a death yak
  8093 | D:8      | Noticed a death yak
  8094 | D:8      | Noticed a death yak
  8148 | D:7      | HP: 1/59 [death yak (14)]
  8149 | D:7      | Slain by a death yak

Vanquished Creatures
  Sigmund (D:2)
  A water moccasin (D:7)
  An orc warrior (D:6)
  A sky beast (D:6)
  A black bear (D:6)
  2 ogres (D:6)
  2 centaurs
  2 kobold brigands (Sewer)
  3 scorpions
  A wyvern skeleton (D:6)
  An electric eel (D:7)
  2 bullfrog zombies
  A centaur zombie (D:7)
  A bullfrog skeleton (D:7)
  3 orc priests
  A jelly (D:4)
  Crazy Yiuf (D:3)
  3 centaur skeletons
  A gnoll shaman (D:5)
  An iguana (D:5)
  Ijyb (D:3)
  5 orc wizards
  Terence (D:3)
  2 killer bee zombies
  Robin (D:3)
  5 gnolls (D:5)
  3 howler monkey skeletons
  6 adders
  A river rat (D:4)
  A shadow imp (D:7)
  An ufetubus (D:6)
  An adder skeleton (D:4)
  3 worms
  3 dart slugs
  26 orcs
  10 ball pythons
  9 bats
  8 endoplasms
  4 giant cockroaches
  9 goblins
  7 hobgoblins
  9 jackals (D:1)
  3 quokkas
  2 frilled lizards
  16 kobolds
  4 rats
171 creatures vanquished.

Vanquished Creatures (collateral kills)
  A foxfire (Sewer)
1 creature vanquished.

Vanquished Creatures (others)
  365 foxfires
  6 plants
371 creatures vanquished.

Grand Total: 543 creatures vanquished

Table legend:
 A = Non-vault XP
 B = Vault XP
 C = Vault XP percentage of total XP
 D = Non-vault monster count
 E = Vault monster count
 F = Vault count percentage of total count
                 A         B        C        D         E       F
            +---------+---------+-------+---------+---------+-------
      Total |    2549 |     623 |  19.6 |     131 |      40 |  23.4
            +---------+---------+-------+---------+---------+-------
        D:1 |      58 |       0 |   0.0 |      30 |       0 |   0.0
        D:2 |      12 |     228 |  95.0 |       8 |       2 |  20.0
        D:3 |      52 |     136 |  72.3 |      20 |      11 |  35.5
        D:4 |     460 |      18 |   3.8 |      23 |       4 |  14.8
        D:5 |     315 |       0 |   0.0 |      17 |       0 |   0.0
        D:6 |    1057 |       0 |   0.0 |      17 |       0 |   0.0
        D:7 |     402 |       0 |   0.0 |       9 |       0 |   0.0
        D:8 |     193 |       0 |   0.0 |       7 |       0 |   0.0
      Sewer |       0 |     241 | 100.0 |       0 |      23 | 100.0
            +---------+---------+-------+---------+---------+-------

Illustrated notes

Table legend:
 A = Kills in this place as a percentage of kills in entire the game.
 B = Kills by you in this place as a percentage of kills by you in the entire game.
 C = Kills by friends in this place as a percentage of kills by friends in the entire game.
 D = Other kills in this place as a percentage of other kills in the entire game.
 E = Experience gained in this place as a percentage of experience gained in the entire game.
 F = Experience gained in this place divided by the number of levels of this place that you have seen.
                   A       B       C       D       E      F
               +-------+-------+-------+-------+-------+----------------------
         Total | 100.0 | 100.0 |   N/A |   N/A | 100.0 | 352.4
       Dungeon |  86.5 |  86.5 |   N/A |   N/A |  92.4 | 366.4
         Sewer |  13.5 |  13.5 |   N/A |   N/A |   7.6 | 241.0
               +-------+-------+-------+-------+-------+----------------------

Table legend: (Time is in decaauts)
 A = Elapsed time spent in this place.
 B = Non-inter-level travel time spent in this place.
 C = Inter-level travel time spent in this place.
 D = Time resting spent in this place.
 E = Time spent auto-exploring this place.
 F = Levels seen in this place.
 G = Mean time per level.
                   A        B        C        D        E       F      G
               +--------+--------+--------+--------+--------+-----+--------+
         Total |   8204 |   8046 |    158 |   1111 |   5452 |   9 |  911.6 |
       Dungeon |   7751 |   7593 |    158 |   1064 |   5201 |   8 |  968.9 |
         Sewer |    452 |    452 |      0 |     47 |    250 |   1 |  452.0 |
               +--------+--------+--------+--------+--------+-----+--------+

Top non-repeatable levels by time:
     D:4: 1354 daAuts
     D:3: 1282 daAuts
     D:6: 1212 daAuts
     D:5: 1165 daAuts
     D:1: 1085 daAuts
     D:7: 768 daAuts
     D:2: 522 daAuts
   Sewer: 452 daAuts
     D:8: 360 daAuts
